Map: 16-Bit LE

Players

紫原敦

  • Race: Terran Terran
  • League: Master
  • Spawn Location: 1:00

NORTHAMERICA - Winner!

  • Race: Protoss Protoss
  • League: Grandmaster
  • Spawn Location: 7:00

VOD

Have the link to the VOD?

Description

Time

  • Played on: July 23, 2018, 1:11 a.m.
  • Length: 9:38
Show
View Real Time Build Order
Export as new Build Order

紫原敦 Terran 

Build Orders: Cyclone Opening, MMM Bio 

Get SALT Encoding   

  12  0:00  SCV  
  13  0:12  SCV  
  14  0:17  Supply Depot  
  14  0:25  SCV  
  15  0:29  Refinery  
  15  0:39  SCV  
  16  0:46  Barracks  
  16  0:51  SCV  
  17  1:03  SCV  
  18  1:15  SCV  
  19  1:28  SCV  
  20  1:36  Marine  
  21  1:40  Orbital Command  
  21  1:51  Command Center  
  21  2:04  Factory  
  21  2:09  SCV  
  21  2:11  Barracks Reactor  
  22  2:16  Supply Depot  
  22  2:21  Refinery  
  22  2:23  SCV  
  23  2:37  SCV  
  24  2:49  SCV  
  25  2:56  Cyclone x2  
  31  3:03  SCV, Orbital Command  
  32  3:09  Supply Depot  
  32  3:15  SCV  
  32  3:19  Engineering Bay  
  33  3:31  Cyclone x2  
  39  3:35  SCV x2  
  41  3:46  Missile Turret  
  41  3:49  SCV x2, Missile Turret  
  41  3:53  Supply Depot  
  43  4:01  SCV x2  
  45  4:08  Cyclone x2  
  51  4:13  SCV x2  
  51  4:15  Supply Depot  
  53  4:21  Supply Depot, Barracks Tech Lab  
  53  4:26  SCV x2  
  53  4:29  Supply Depot  
  55  4:38  SCV x2  
  57  4:51  Cyclone x2  
  60  4:53  SCV x2  
  59  5:09  SCV x2  
  59  5:14  Stimpack  
  58  5:15  Command Center  
  58  5:22  SCV x2  
  58  5:23  Barracks, Refinery  
  58  5:24  Barracks, Refinery  
  60  5:35  Factory Tech Lab  
  57  5:38  Starport  
  57  5:43  SCV x2  
  57  5:48  Marauder  
  61  5:54  Terran Infantry Weapons Level 1  
  61  5:55  Barracks  
  61  5:56  SCV  
  61  5:57  Barracks, SCV  
  63  6:02  Siege Tank  
  68  6:11  Marauder, Missile Turret x2  
  68  6:12  Barracks Tech Lab  
  68  6:13  Barracks Tech Lab  
  68  6:22  SCV x2  
  70  6:30  Medivac x2  
  75  6:33  Marauder x2  
  75  6:36  Marauder  
  75  6:37  SCV  
  75  6:38  SCV  
  82  6:43  Supply Depot  
  82  6:44  Engineering Bay, Barracks Reactor x2  
  82  6:50  SCV x2  
  82  6:51  Supply Depot  
  84  6:54  Orbital Command  
  84  7:01  Marauder x3  
  90  7:03  Combat Shields  
  90  7:04  Concussive Shells  
  90  7:08  SCV x2  
  92  7:18  Medivac  
  94  7:25  Barracks x2  
  94  7:26  Barracks, SCV x3  
  97  7:36  Starport  
  97  7:38  Fusion Core  
  97  7:40  SCV  
  97  7:41  SCV x2  
  97  7:44  Marine x6  
  100  7:45  Marine  
  107  7:56  Medivac x2  
  95  8:07  SCV x3, Refinery  
  95  8:08  Refinery  
  98  8:13  Barracks Tech Lab x2  
  98  8:14  Liberator  
  98  8:18  Marine x2  
  98  8:19  SCV x3, Marauder x2  
  107  8:21  Marine x2  
  107  8:22  Marauder  
  107  8:26  Barracks Tech Lab  
  114  8:35  Marine  
  114  8:36  Marine  
  114  8:40  Marine  
  117  8:43  Command Center  
  117  8:45  Marauder x2, Marine x3  
  117  8:46  Supply Depot x2  
  117  8:47  Supply Depot x2  
  124  8:53  Command Center  
  124  8:55  Marine  
  125  9:07  Supply Depot  
  125  9:08  Marauder, Marine x3  
Show
View Real Time Build Order
Export as new Build Order

NORTHAMERICA Protoss - Winner!

Build Orders: 1 Gate Expand, Blink Stalkers 

Get SALT Encoding   

  12  0:02  Probe  
  13  0:14  Probe  
  13  0:18  Pylon  
  14  0:26  Probe  
  15  0:35  Probe  
  15  0:38  Gateway  
  16  0:43  Probe  
  17  0:50  Assimilator  
  17  0:52  Probe  
  18  1:04  Probe  
  19  1:17  Probe  
  20  1:27  Nexus  
  20  1:39  Cybernetics Core  
  20  1:47  Assimilator  
  20  1:54  Pylon  
  20  1:55  Probe  
  20  2:07  Adept, Probe  
  21  2:19  Probe  
  21  2:20  Twilight Council  
  21  2:22  Warp Gate  
  24  2:31  Probe  
  24  2:35  Stalker  
  27  2:38  Probe  
  27  2:40  Probe  
  29  2:46  Probe  
  29  2:48  Probe  
  30  2:52  Blink  
  30  2:54  Probe  
  32  3:01  Probe  
  33  3:07  Probe  
  33  3:09  Probe  
  34  3:19  Probe x2  
  36  3:21  Stalker  
  39  3:31  Probe  
  39  3:34  Probe, Shield Battery  
  41  3:43  Gateway, Probe  
  41  3:46  Gateway  
  42  3:49  Probe  
  42  3:53  Pylon  
  43  3:56  Probe  
  43  4:01  Probe  
  45  4:04  Robotics Facility  
  45  4:11  Probe  
  45  4:13  Probe  
  45  4:15  Assimilator  
  47  4:18  Assimilator  
  47  4:23  Pylon, Probe  
  48  4:26  Stalker  
  48  4:28  Probe  
  51  4:35  Probe  
  52  4:40  Probe  
  52  4:41  Stalker  
  52  4:43  Stalker  
  56  4:48  Probe  
  56  4:50  Observer  
  56  4:52  Probe  
  56  4:54  Stalker  
  57  5:08  Probe  
  57  5:09  Probe  
  57  5:13  Stalker  
  61  5:17  Pylon  
  61  5:18  Nexus, Observer  
  61  5:20  Pylon  
  62  5:33  Robotics Bay  
  62  5:35  Immortal, Probe x2  
  62  5:38  Gateway  
  62  5:40  Gateway  
  62  5:47  Sentry  
  62  5:48  Probe  
  69  5:52  Probe  
  69  5:54  Shield Battery  
  70  6:01  Probe  
  70  6:04  Stalker x2  
  73  6:09  Probe  
  76  6:15  Probe  
  77  6:19  Disruptor  
  77  6:21  Probe  
  77  6:23  Forge  
  78  6:25  Pylon  
  78  6:30  Pylon  
  81  6:36  Probe, Shield Battery  
  81  6:37  Protoss Ground Weapons Level 1  
  81  6:38  Probe x2  
  84  6:42  Sentry  
  84  6:44  Stalker x3  
  84  6:46  Disruptor  
  92  6:48  Probe  
  92  6:54  Forge  
  93  6:56  Probe  
  93  6:58  Pylon  
  98  7:01  Probe x2  
  99  7:10  Zealot x2, Assimilator  
  99  7:12  Assimilator  
  99  7:14  Disruptor  
  99  7:15  Zealot  
  108  7:26  Stalker x2  
  112  7:32  Stalker x2  
  112  7:35  Photon Cannon  
  114  7:38  Shield Battery  
  114  7:43  Probe  
  115  7:49  Disruptor  
  116  8:04  Pylon  
  116  8:07  Pylon  
  116  8:12  Dark Shrine  
  116  8:13  Disruptor  
  116  8:14  Gateway  
  116  8:17  Nexus  
  116  8:18  Pylon  
  116  8:26  Stalker x3  
  125  8:28  Gateway  
  125  8:30  Pylon  
  125  8:31  Pylon  
  125  8:35  Pylon  
  125  8:36  Zealot  
  125  8:38  Zealot  
  129  8:45  Robotics Facility  
  129  8:48  Disruptor  
  129  8:49  Stalker x2  
  129  8:50  Stalker  
  129  8:54  Probe  
  139  9:01  Adept x2  
  141  9:11  Pylon  
  141  9:14  Stalker x3  
  147  9:19  Stalker  
Tags
 
Add a new tag
Caveats
  • Supply blocks, unpowered buildings, or Contaminate may cause inaccurate times.
  • Supply counts are checked every 10 seconds.